 Dungeon Crawl Stone Soup version 0.31-a0-557-g6e16503903 (webtiles) character file.

Game seed: 8046586661572905535

4522 LeprechaunX the Mimic (level 10, -4/59 HPs)
             Began as an Octopode Shapeshifter on Aug 16, 2023.
             Was a Priest of Hepliaklqana.
             Killed from afar by a rime drake (26 damage)
             ... with an icy flash freeze
             ... on level 9 of the Dungeon.
             The game lasted 00:14:12 (6757 turns).

LeprechaunX the Mimic (Octopode Shapeshifter)       Turns: 6757, Time: 00:14:12

Health: -4/59      AC:  5    Str: 16    XL:     10   Next: 39%
Magic:  16/16      EV: 19    Int: 12    God:    Hepliaklqana [***...]
Gold:   332        SH:  0    Dex: 14    Spells: 14/17 levels left

rFire   + +          .
                       - Unarmed
rCold   . . .        (no shield)
rNeg    + . .        (helmet currently unavailable)
rPois   .            (no amulet)
rElec   .            i - ring of see invisible
rCorr   .            m - ring of protection from fire
SInv    +            F - ring of willpower
Will    ++...        o - ring of positive energy
Stlth   ++           A - +5 ring of evasion
HPRegen 0.29/turn    v - ring of protection from fire
MPRegen 0.15/turn    x - ring of willpower
                     z - +4 ring of protection

%: no passive effects
@: beast-form
A: beast (slay +4), reduced essence, almost no armour, amphibious, 8 rings,
camouflage 1, gelatinous body 1, (nimble swimmer 1), tentacles
a: Begin Untransformation, Renounce Religion, Recall Ancestor, Ancestor
Identity, Transference


You were on level 9 of the Dungeon.
You worshipped Hepliaklqana.
Hepliaklqana was most pleased with you.
You were a hulking beast.
You visited 1 branch of the dungeon, and saw 9 of its levels.

You collected 332 gold pieces.

Inventory:

Jewellery
 h - a ring of magical power
 i - a ring of see invisible (left tentacle)
 m - a ring of protection from fire (right tentacle)
 n - a ring of wizardry
 o - a ring of positive energy (on tentacle)
 r - a ring of fire
 v - a ring of protection from fire (on tentacle)
 x - a ring of willpower (on tentacle)
 z - a +4 ring of protection (on tentacle)
 A - a +5 ring of evasion (on tentacle)
 F - a ring of willpower (on tentacle)
Talismans
 b - a beast talisman (active)
 c - a flux talisman
 u - a dragon-blood talisman
Wands
 y - a wand of paralysis (14)
 E - a wand of polymorph (13)
Scrolls
 d - 4 scrolls of identify {unknown}
 j - 2 scrolls of revelation {unknown}
 k - 3 scrolls of noise {unknown}
 p - a scroll of vulnerability {unknown}
 q - 3 scrolls of teleportation {unknown}
 s - a scroll of blinking {unknown}
 w - 4 scrolls of poison {unknown}
 B - a scroll of enchant weapon {unknown}
 G - 2 scrolls of fear {unknown}
Potions
 a - 2 potions of lignification
 e - 5 potions of heal wounds
 f - 3 potions of curing {unknown}
 g - 3 potions of brilliance {unknown}
 l - 2 potions of attraction {unknown}
 t - a potion of degeneration {unknown}
 C - 3 potions of ambrosia {unknown}
 D - 2 potions of enlightenment {unknown}


   Skills:
 - Level 5.0 Fighting
 - Level 3.0 Dodging
 + Level 7.6 Unarmed Combat
 - Level 4.0 Spellcasting
 + Level 4.3 Ice Magic
 * Level 9.0 Shapeshifting


You had 14 spell levels left.
You knew the following spells:

 Your Spells              Type           Power      Damage    Failure   Level
a - Ozocubu's Armour      Ice            12%        N/A       11%         3

Your spell library contained the following spells:

 Spells                   Type           Power      Damage    Failure   Level
 Freeze                   Ice            48%        1d6       3%          1
 Frozen Ramparts          Ice            24%        1d4       11%         3
 Magic Dart               Conj           8%         1d3       22%         1
 Hailstorm                Conj/Ice       7%         3d4       26%         3
 Cigotuvi's Dreadful Rot  Necr/Pois/Air  4%         N/A       32%         2
 Scorch                   Fire           4%         2d5       32%         2
 Inner Flame              Hex/Fire       2%         N/A       54%         3
 Mephitic Cloud           Conj/Pois/Air  2%         N/A       54%         3
 Summon Guardian Golem    Hex/Summ       2%         N/A       54%         3
 Vhi's Electric Charge    Tloc/Air       4%         N/A       54%         3
 Volatile Blastmotes      Fire/Tloc      4%         2d10      54%         3
 Dispel Undead            Necr           2%         3d7       91%         4
 Flame Wave               Conj/Fire      2%         2d4       91%         4
 Metabolic Englaciation   Hex/Ice        3%         N/A       94%         5
 Arcjolt                  Conj/Air       1%         1d11      99%         5
 Summon Forest            Summ/Tloc      1%         N/A       99%         5
 Yara's Violent Unravell  Hex/Tmut       1%         3d3       99%         5
 Death Channel            Necr           1%         N/A       100%        6
 Simulacrum               Ice/Necr       3%         N/A       100%        6
 Summon Cactus Giant      Summ           1%         N/A       100%        6
 Enfeeble                 Hex            1%         N/A       100%        7
 Orb of Destruction       Conj           1%         9d5       100%        7
 Ozocubu's Refrigeration  Ice            6%         4d8       100%        7
 Spellforged Servitor     Conj/Summ      1%         N/A       100%        7
 Maxwell's Capacitive Co  Air            1%         ∞         100%        8


Dungeon Overview and Level Annotations

Branches:
Dungeon (9/15)             Temple (0/1) D:5            Lair (0/5) D:9
    Orc: D:9-12

Altars:
Cheibriados
Elyvilon
Hepliaklqana
Sif Muna
Uskayaw
Xom
Yredelemnul

Shops:
D:4 *

Annotations:
D:5 1 runed translucent door, Crazy Yiuf


Innate Abilities, Weirdness & Mutations

You are a hulking beast.
Your limbs bulge with bestial killing power. (Slay +4)
Your life essence is reduced to manifest your ancestor. (-10% HP)
You cannot wear most types of armour.
You are amphibious.
You can wear up to eight rings at the same time.
Your skin changes colour to match your surroundings (Stealth+).
Your rubbery body absorbs attacks. (AC +1, EV +1)
((You are camouflaged when in or above water. (Stealth+)))
You have tentacles for arms and can constrict up to eight enemies at once.


Message History

The troll resists with some effort.
The troll bites you but does no damage. The troll misses you.
The troll claws you.
You tentacle-slap the troll.
The troll is severely wounded.
The troll bites you! The troll barely misses you.
The troll completely misses you.
You bludgeon the troll! You squeeze the troll.
You kill the troll!
Your Shapeshifting skill increases to level 9!
Unknown command.
You start resting.
You hear the faint creaking of a portcullis nearby.
Found an escape hatch in the ceiling. 2 wolves, a rime drake and 3 killer bees come into view.
Found a staircase to the Lair.
The wolf howls!
The rime drake hisses angrily.
The killer bee buzzes angrily.
A wolf comes into view.
The rime drake breathes ice at you. The icy flash freeze hits you!!
Ouch! That really hurt!
* * * LOW HITPOINT WARNING * * *
You are encased in ice.
A gnoll comes into view. It is wielding a +0 club.
The killer bee buzzes angrily.
You hear a shout! x4
It was a potion of heal wounds.
You feel much better.
The killer bee buzzes angrily.
The killer bee stings you.
The wolf howls!
Unknown command.
The ice encasing you melts away.
You hear a shout! x2
The killer bee completely misses you.
Tlalli completely misses the killer bee.
Tlalli hits the killer bee with a +0 dagger of draining!
Tlalli drains the killer bee.
The killer bee completely misses you.
Tlalli gestures at the rime drake while chanting.
The rime drake seems to slow down.
The killer bee closely misses you. The rime drake breathes ice at you.
The icy flash freeze hits you!!
You die...

.....>y ......~## .....
#.....~.# .y..
#..#....#
..###g.##.......#
.#...h.#.....~..#
......hR........+
...~#..k........#
.........y.#....#
.........h#.....#
+#......#.<.....#
##.~.~~####.####
#+###############....##
.........# #.........#
.........####.........#
.........'.##.........+
>........#.##.........#
.......<.#..'.........#


You could see the friendly Tlalli the hexer, a rime drake (slow, catching
breath, ally target), 2 wolves, 2 killer bees and a gnoll.

Vanquished Creatures
  Pikel (D:6)
  Joseph (D:8)
  Maggie (D:8)
  Jeremiah (D:7)
  A troll (D:9)
  Edmund (D:6)
  2 water moccasins
  2 black bears
  An ice beast (D:8)
  3 centaurs (D:8)
  A phantom (D:7)
  A lemure (D:6)
  A kobold brigand (D:8)
  4 bullfrogs
  2 gnoll sergeants
  5 scorpions
  A howler monkey (D:8)
  2 jellies
  4 hounds
  4 orc priests
  2 sleepcaps
  4 iguanas
  Natasha (thrice) (D:3)
  2 orc wizards
  5 adders
  13 gnolls
  A shadow imp (D:6)
  2 white imps
  An ufetubus (D:5)
  2 dart slugs
  13 orcs
  4 ball pythons
  3 giant cockroaches
  2 hobgoblins
  5 jackals
  11 kobolds
  A quokka (D:3)
  6 bats
  9 goblins
  2 rats
130 creatures vanquished.

Vanquished Creatures (collateral kills)
  A wyvern (D:7)
  Menkaure (D:6)
  Blork the orc (D:6)
  A bullfrog (D:6)
  An orc wizard (D:7)
  4 gnolls
  An orc (D:7)
10 creatures vanquished.

Grand Total: 140 creatures vanquished

Notes
Turn   | Place    | Note
-------+----------+-------------------------------------------
     0 | D:1      | LeprechaunX the Octopode Shapeshifter began the quest for
                  | the Orb.
     0 | D:1      | Reached XP level 1. HP: 13/13 MP: 1/1
   244 | D:1      | Reached XP level 2. HP: 11/18 MP: 2/2
   770 | D:2      | Reached XP level 3. HP: 18/23 MP: 3/3
   861 | D:2      | Reached XP level 4. HP: 18/29 MP: 5/5
   878 | D:1      | Learned a level 3 spell: Ozocubu's Armour
  1022 | D:2      | Found a basalt altar of Yredelemnul.
  1524 | D:3      | Noticed Natasha
  1532 | D:3      | Killed Natasha
  1533 | D:3      | Reached skill level 1 in Spellcasting
  1637 | D:3      | Noticed Natasha
  1641 | D:3      | Found a hide-covered altar of Uskayaw.
  1650 | D:3      | Killed Natasha
  1651 | D:3      | Reached XP level 5. HP: 34/34 MP: 6/6
  1659 | D:3      | Reached skill level 1 in Ice Magic
  1669 | D:3      | Found a faded altar of an unknown god.
  2111 | D:3      | Noticed Natasha
  2149 | D:3      | Killed Natasha
  2150 | D:3      | Reached skill level 4 in Shapeshifting
  2150 | D:3      | Reached XP level 6. HP: 13/39 MP: 8/8
  2570 | D:4      | Found Nopn's Assorted Antiques.
  2632 | D:4      | Found a hazy altar of Hepliaklqana.
  2633 | D:4      | Found a shimmering altar of Xom.
  2633 | D:4      | Noticed a tentacled monstrosity
  2649 | D:4      | Noticed a spectral ugly thing
  2649 | D:4      | Noticed a tentacled monstrosity
  2652 | D:4      | Became a worshipper of Hepliaklqana the Forgotten
  3350 | D:5      | Entered Level 5 of the Dungeon
  3394 | D:5      | Reached XP level 7. HP: 45/45 MP: 10/10
  3557 | D:5      | Found a staircase to the Ecumenical Temple.
  3626 | D:5      | Reached * piety under Hepliaklqana
  3809 | D:5      | Found a runed translucent door.
  3810 | D:5      | Noticed Crazy Yiuf
  3955 | D:5      | Found a snail-covered altar of Cheibriados.
  3982 | D:5      | Reached skill level 5 in Shapeshifting
  4124 | D:6      | Noticed Edmund
  4138 | D:6      | Killed Edmund
  4139 | D:6      | Reached XP level 8. HP: 38/46 MP: 10/12
  4235 | D:6      | Reached skill level 5 in Unarmed Combat
  4367 | D:6      | Reached skill level 6 in Shapeshifting
  4419 | D:6      | Noticed Menkaure
  4425 | D:6      | Killed Menkaure
  4557 | D:6      | Noticed Pikel
  4571 | D:6      | Killed Pikel
  4572 | D:6      | Reached skill level 5 in Fighting
  4572 | D:6      | Reached skill level 7 in Shapeshifting
  4572 | D:6      | Reached XP level 9. HP: 41/54 MP: 10/13
  4640 | D:6      | Noticed Blork the orc
  4646 | D:6      | Killed Blork the orc
  4684 | D:6      | Got Uceimiyl's Disquisition on the Elliptic Assassin
  4767 | D:7      | Noticed Jeremiah
  4804 | D:7      | Killed Jeremiah
  5168 | D:7      | Reached ** piety under Hepliaklqana
  5169 | D:7      | Remembered your ancestor Tlalli as a hexer
  5404 | D:7      | Found a shimmering blue altar of Sif Muna.
  5458 | D:7      | Reached skill level 8 in Shapeshifting
  5461 | D:7      | Got Sif Muna's Vellum of Energy
  5624 | D:7      | Found a white marble altar of Elyvilon.
  5819 | D:8      | Reached XP level 10. HP: 59/59 MP: 15/15
  6274 | D:8      | Noticed Joseph
  6279 | D:8      | Killed Joseph
  6500 | D:8      | Noticed Maggie
  6566 | D:8      | Killed Maggie
  6694 | D:9      | Reached *** piety under Hepliaklqana
  6703 | D:9      | Reached skill level 9 in Shapeshifting
  6753 | D:9      | Found a staircase to the Lair.
  6757 | D:9      | Killed from afar by a rime drake

Illustrated notes

Levels and vault maps discovered:
D:1:      evilmike_arrival_crescent, layout_loops_ring
D:2:      layout_rooms, basic_altar
D:3:      layout_basic, mainiacjoe_overflow_chevrons,
          hellmonk_ecumenical_altar_arch_garden, serial_rivers,
          chequers_serial_rivers_micro_e, chequers_serial_rivers_marsh,
          chequers_serial_rivers_room_b, chequers_serial_rivers_micro_a,
          uniq_natasha
D:4:      layout_basic, regret_index_temple_of_mockery, serial_shops,
          nicolae_shop_peninsula, minmay_misc_feat_room
D:5:      layout_loops_ring, mainiacjoe_overflow_boulevard,
          nicolae_overflow_hidden_temple, minmay_temple_entry_mini_moons,
          uniq_crazy_yiuf_cottage
D:6:      layout_rooms, uniq_pikel, uniq_edmund, uniq_blork_the_orc,
          uniq_menkaure
D:7:      layout_basic, marbit_many_paths, led_sif_book, uniq_jeremiah
D:8:      layout_loops_ring, uniq_maggie, uniq_joseph
D:9:      layout_roguey, kennysheep_mini_moat, nicolae_qazlal_general_emergency,
          hellmonk_lair_entry_icy, kennysheep_orc_monster_closet_entryway,
          enter_bailey_5, kennysheep_nub, evilmike_butchery

Skill      XL: |  1  2  3  4  5  6  7  8  9 10 |
---------------+-------------------------------+-----
Spellcasting   | 1 2 3 4 |  4.0
Fighting       | 2 3 5 |  5.0
Ice Magic      | 1 2 3 4 |  4.3
Dodging        | 3 |  3.0
Shapeshifting  | 4 5 7 8 9 |  9.0
Unarmed Combat | 4 6 7 |  7.6

Action                     |  1- 3 |  4- 6 |  7- 9 | 10-12 || total
---------------------------+-------+-------+-------+-------++-------
  Melee: Unarmed           |    35 |    98 |   153 |    43 ||   329
         Constrict         |    15 |    26 |    38 |    10 ||    89
         Tentacles         |     9 |    26 |    38 |    12 ||    85
         Punch             |     1 |     3 |     4 |     7 ||    15
   Cast: Ozocubu's Armour  |       |       |     1 |       ||     1
 Invoke: Ancestor Life: He |       |       |     1 |       ||     1
    Use: Potion            |       |       |       |     1 ||     1
   Stab: Sleeping          |       |     1 |     9 |     1 ||    11
         Distracted        |       |       |       |     1 ||     1
 Armour: Skin              |     2 |     8 |    27 |     6 ||    43
  Dodge: Dodged            |    22 |    44 |   100 |    40 ||   206

Table legend: (Time is in decaauts)
 A = Elapsed time spent in this place.
 B = Non-inter-level travel time spent in this place.
 C = Inter-level travel time spent in this place.
 D = Time resting spent in this place.
 E = Time spent auto-exploring this place.
 F = Levels seen in this place.
 G = Mean time per level.
                   A        B        C        D        E       F      G
               +--------+--------+--------+--------+--------+-----+--------+
         Total |   6720 |   6534 |    186 |    852 |   4597 |   9 |  746.7 |
       Dungeon |   6720 |   6534 |    186 |    852 |   4597 |   9 |  746.7 |
               +--------+--------+--------+--------+--------+-----+--------+

Top non-repeatable levels by time:
     D:3: 1045 daAuts
     D:8: 995 daAuts
     D:7: 908 daAuts
     D:4: 888 daAuts
     D:1: 827 daAuts
     D:5: 761 daAuts
     D:6: 645 daAuts
     D:2: 577 daAuts
     D:9: 70 daAuts
